Map: Rhoskallia EC

Players

gruber

  • Race: Zerg Zerg
  • Spawn Location: 6:00

Rockbell

  • Race: Terran Terran
  • Spawn Location: 5:00

Alexandre - Winner!

  • Race: Zerg Zerg
  • Spawn Location: 12:00

Terran - Winner!

  • Race: Protoss Protoss
  • Spawn Location: 11:00

VOD

Have the link to the VOD?

Description

Time

  • Played on: Sept. 15, 2026, 10:42 a.m.
  • Length: 14:16
Show
View Real Time Build Order
Export as new Build Order

gruber Zerg 

Build Orders: Hatch First 

Get SALT Encoding   

  8  0:01  Drone  
  9  0:11  Drone  
  10  0:18  Drone  
  11  0:24  Drone  
  12  0:31  Extractor, Drone  
  13  0:39  Overlord  
  13  0:59  Drone  
  13  1:00  Drone  
  13  1:02  Drone  
  16  1:22  Hatchery  
  16  1:25  Drone  
  16  1:30  Drone  
  17  1:33  Drone  
  18  1:49  Spawning Pool  
  17  1:55  Drone  
  18  2:02  Extractor, Drone x2  
  19  2:22  Overlord x2  
  19  2:30  Extractor  
  18  2:38  Zergling x4  
  18  2:42  Queen  
  18  2:43  Zergling x2  
  22  2:50  Drone  
  23  2:54  Drone x2  
  25  3:00  Zergling x2  
  26  3:07  Spine Crawler  
  26  3:08  Drone  
  26  3:13  Drone  
  26  3:18  Drone  
  28  3:23  Drone  
  29  3:32  Metabolic Boost  
  29  3:33  Drone  
  30  3:35  Drone  
  30  3:37  Drone  
  33  3:41  Drone  
  33  3:44  Drone  
  33  3:55  Queen  
  33  3:59  Drone  
  33  4:00  Drone  
  37  4:03  Drone  
  38  4:11  Drone  
  38  4:14  Baneling Nest  
  38  4:15  Drone  
  39  4:22  Overlord  
  39  4:31  Zergling x4  
  40  4:40  Zergling x6  
  40  4:44  Zergling x4  
  40  4:45  Zergling x2  
  46  4:48  Queen  
  46  4:52  Extractor  
  46  5:01  Lair  
  46  5:02  Drone x2  
  46  5:04  Overlord  
  46  5:05  Overlord  
  48  5:18  Spore Crawler  
  47  5:23  Spore Crawler, Drone x2  
  47  5:24  Drone x3  
  51  5:35  Drone x3  
  54  5:38  Drone x2  
  54  5:39  Drone x2  
  58  5:58  Overlord x2  
  58  6:01  Burrow  
  58  6:08  Hatchery  
  57  6:22  Spore Crawler  
  56  6:25  Spore Crawler  
  56  6:30  Zergling x12  
  57  6:43  Hydralisk Den  
  57  6:44  Drone x2  
  57  6:46  Spore Crawler  
  57  6:51  Spine Crawler  
  56  6:54  Spore Crawler  
  56  6:57  Extractor  
  51  7:10  Baneling x3  
  51  7:11  Baneling x3  
  51  7:13  Queen  
  50  7:33  Hydralisk  
  50  7:34  Hydralisk x8  
  50  7:36  Overlord  
  68  7:49  Pneumatized Carapace  
  68  7:53  Baneling Nest  
  67  7:58  Muscular Augments  
  67  8:00  Drone x2  
  67  8:02  Spore Crawler  
  67  8:03  Infestation Pit  
  67  8:11  Hydralisk x4  
  65  8:21  Overlord  
  65  8:22  Overlord  
  66  8:34  Drone x2  
  66  8:37  Spine Crawler  
  66  8:41  Spore Crawler  
  65  8:50  Infestor x2  
  65  8:51  Infestor, Hydralisk  
  65  8:52  Hydralisk  
  65  8:55  Drone x2  
  77  8:56  Drone  
  77  9:01  Drone x2  
  77  9:02  Grooved Spines  
  80  9:03  Drone  
  81  9:23  Evolution Chamber  
  80  9:24  Evolution Chamber  
  80  9:25  Drone x2  
  80  9:26  Drone  
  80  9:30  Spore Crawler  
  81  9:33  Overlord x4  
  81  9:34  Spore Crawler  
  80  9:51  Overseer  
  80  9:53  Zerg Missile Weapons Level 1  
  80  9:54  Zerg Ground Armor Level 1  
  80  9:57  Hydralisk x4  
  88  10:00  Drone x2  
  88  10:06  Spore Crawler  
  89  10:08  Drone, Spore Crawler, Extractor  
  89  10:10  Extractor, Drone  
  89  10:13  Drone x2  
  90  10:21  Zergling x8  
  92  10:23  Baneling x3  
  92  10:27  Centrifugal Hooks  
  94  10:31  Drone  
  94  10:32  Drone x2  
  94  10:34  Drone  
  98  10:50  Drone, Overlord  
  98  10:51  Overlord x3  
  99  11:11  Drone x2  
  99  11:12  Drone x3  
  104  11:21  Hydralisk x5  
  104  11:22  Hydralisk  
  116  11:34  Zergling x6  
  116  11:35  Zergling x6  
  122  11:50  Zerg Missile Weapons Level 2  
  122  11:51  Zerg Ground Armor Level 2  
  122  11:54  Overseer  
  122  11:56  Zergling x8  
  122  11:58  Spine Crawler  
  122  11:59  Drone x2  
  127  12:02  Spine Crawler  
  127  12:05  Drone x2  
  127  12:06  Drone  
  129  12:13  Infestor  
  120  12:36  Hydralisk x2  
  122  12:39  Overlord x3  
  122  12:40  Overlord x5  
  122  12:44  Drone  
  123  13:05  Hydralisk x2  
  123  13:06  Hydralisk x3  
  123  13:12  Lurker Den  
  132  13:20  Drone x2  
  132  13:21  Drone x2  
  132  13:24  Zergling x8  
  132  13:25  Zergling x4  
  142  13:31  Hatchery  
  142  13:32  Extractor x2  
  139  13:45  Zergling x6  
  139  13:46  Zergling x10  
Show
View Real Time Build Order
Export as new Build Order

Rockbell Terran 

Build Orders:  

Get SALT Encoding   

  8  0:00  SCV  
  9  0:12  SCV  
  10  0:27  Supply Depot  
  10  0:29  SCV  
  11  0:42  SCV  
  12  0:54  Barracks  
  12  0:58  SCV  
  13  1:10  SCV  
  14  1:22  Refinery  
  14  1:23  SCV  
  15  1:35  SCV  
  16  1:47  SCV  
  17  1:59  SCV  
  18  2:01  Barracks Tech Lab  
  18  2:11  SCV  
  18  2:13  Supply Depot  
  19  2:16  Supply Depot  
  19  2:23  SCV  
  20  2:30  Marine  
  21  2:41  Factory  
  21  2:47  SCV  
  21  2:48  Barracks, Marine  
  23  2:57  Engineering Bay  
  23  2:59  SCV  
  24  3:06  Marine  
  24  3:11  SCV  
  26  3:24  Marine  
  27  3:28  Refinery  
  27  3:29  SCV  
  27  3:33  Missile Turret  
  28  3:36  Factory Tech Lab  
  28  3:37  Barracks Reactor  
  28  3:41  Marine  
  28  3:45  Orbital Command  
  29  3:57  Siege Tank  
  29  3:59  Marine  
  33  4:16  Supply Depot  
  33  4:17  Marine x2  
  33  4:18  Marine  
  34  4:35  Marine  
  34  4:37  Marine x2  
  34  4:53  Marine  
  34  4:58  Combat Shield  
  35  5:01  Marine  
  35  5:02  Marine  
  35  5:04  SCV  
  38  5:11  Marine  
  39  5:29  Supply Depot  
  39  5:32  Engineering Bay  
  39  5:47  SCV  
  40  5:53  Marine  
  40  5:54  Marine x2  
  43  5:57  Command Center  
  43  5:58  Siege Tank  
  43  5:59  SCV  
  47  6:06  Terran Infantry Weapons Level 1  
  47  6:09  Terran Infantry Armor Level 1  
  47  6:11  Marine  
  47  6:15  Marine  
  47  6:17  Stimpack, Marine  
  50  6:33  Armory  
  50  6:38  Armory  
  50  6:47  Marine x2  
  50  6:48  Marine  
  53  6:55  Supply Depot  
  53  6:59  Supply Depot  
  47  7:40  Marine x2  
  47  7:41  Marine  
  50  7:56  Concussive Shells  
  50  7:58  Marine x3, Missile Turret  
  50  8:01  Orbital Command  
  50  8:02  SCV  
  52  8:14  SCV  
  52  8:16  Marine x3  
  49  8:27  SCV  
  49  8:35  Marine x3  
  49  8:39  SCV  
  37  8:51  SCV  
  37  8:53  Marine x3  
  37  8:55  Refinery  
  41  8:56  SCV  
  41  8:57  Refinery  
  42  9:03  SCV  
  42  9:08  SCV  
  42  9:09  Starport  
  44  9:11  Marine x3  
  44  9:15  SCV  
  48  9:20  SCV  
  49  9:27  SCV  
  49  9:28  Marine  
  49  9:29  Marine x2  
  53  9:32  SCV  
  54  9:40  SCV  
  54  9:44  SCV  
  54  9:45  Terran Infantry Weapons Level 2  
  56  9:46  Marine  
  56  9:47  Marine x2  
  56  9:48  Terran Infantry Armor Level 2  
  56  9:52  SCV, Medivac  
  62  10:05  Marauder  
  64  10:09  Marine  
  64  10:10  Marine  
  66  10:16  SCV x2  
  68  10:22  Medivac  
  68  10:26  Marauder  
  68  10:27  Marine x2  
  68  10:28  SCV x2  
  76  10:35  Command Center  
  76  10:44  Thor, Marine  
  76  10:45  Marine  
  76  10:48  Marauder  
  86  10:55  Terran Vehicle Weapons Level 1  
  86  11:02  Marine  
  86  11:03  Marine  
  88  11:09  Marauder  
  90  11:20  Marine  
  90  11:21  Marine  
  92  11:30  Marine  
  93  11:38  Marine  
  93  11:39  Marine  
  95  11:48  Marine  
  96  11:56  Marine  
  96  11:57  Marine  
  78  12:06  Marine  
  60  12:10  Thor  
  60  12:13  Medivac, Marine  
  60  12:14  Marine  
  62  12:23  Marine  
  57  12:31  Marine  
  57  12:32  Marine  
  59  12:42  Marauder  
  59  12:43  Medivac  
  63  12:47  Orbital Command  
  63  12:49  SCV x2, Marine  
  63  12:50  Marine  
  67  12:53  Thor  
  73  13:01  SCV x2  
  73  13:03  Marauder  
  77  13:07  Marine  
  77  13:08  Marine  
  79  13:12  Barracks  
  79  13:13  Medivac, SCV x2  
  79  13:15  Barracks, SCV  
  79  13:17  Barracks  
  84  13:24  Marine  
  84  13:25  Marine, SCV x2  
  84  13:26  Marine  
  89  13:27  SCV  
  90  13:39  Refinery  
  96  13:41  Refinery, SCV  
  96  13:42  Marine  
  96  13:43  Marine x2  
Show
View Real Time Build Order
Export as new Build Order

Alexandre Zerg - Winner!

Build Orders: Pool First 

Get SALT Encoding   

  8  0:25  Drone x2  
  8  0:26  Drone  
  11  0:40  Drone  
  12  0:46  Overlord  
  12  1:02  Spawning Pool  
  12  1:03  Drone  
  12  1:15  Drone  
  12  1:18  Drone  
  14  1:33  Extractor  
  14  1:34  Drone  
  14  1:35  Extractor  
  13  1:48  Zergling x4  
  15  2:02  Drone  
  16  2:18  Drone  
  17  2:24  Hatchery  
  16  2:35  Zergling x6  
  19  2:50  Drone  
  20  2:56  Metabolic Boost  
  20  3:15  Overlord  
  20  3:30  Lair  
  20  3:36  Zergling x8  
  24  3:46  Drone x2  
  26  3:57  Drone x2  
  28  4:09  Drone x2  
  30  4:24  Drone x2  
  26  4:35  Drone x2  
  25  4:44  Spire  
  24  4:48  Queen  
  24  4:50  Drone x2  
  28  5:02  Overlord  
  28  5:06  Drone x3  
  31  5:09  Drone  
  32  5:33  Extractor  
  32  5:34  Extractor  
  30  5:35  Drone  
  30  5:36  Drone x5  
  36  5:46  Overlord  
  36  5:51  Mutalisk  
  38  5:58  Mutalisk  
  40  6:06  Mutalisk x4  
  37  6:38  Drone x5  
  37  6:39  Drone  
  43  6:44  Mutalisk x2  
  47  6:47  Overlord  
  43  7:11  Mutalisk x4  
  43  7:12  Mutalisk x2  
  55  7:31  Drone  
  55  7:34  Overlord x2  
  55  7:35  Overlord x2  
  54  7:56  Mutalisk  
  54  7:57  Mutalisk x3  
  56  8:25  Drone x5  
  57  8:35  Infestation Pit  
  50  8:47  Mutalisk x2  
  50  8:48  Mutalisk x2  
  54  8:57  Drone x2  
  56  9:16  Extractor  
  55  9:17  Hatchery  
  55  9:21  Extractor  
  53  9:32  Mutalisk  
  53  9:33  Mutalisk x3  
  53  9:38  Drone x3  
  63  9:41  Hive  
  64  10:00  Drone x3  
  64  10:02  Drone x3  
  64  10:05  Drone  
  71  10:13  Drone  
  72  10:19  Drone x3  
  72  10:20  Drone  
  76  10:26  Mutalisk x2  
  80  10:44  Drone  
  81  10:51  Drone  
  82  11:00  Ultralisk Cavern  
  81  11:07  Mutalisk x2  
  81  11:08  Drone  
  81  11:09  Drone x6  
  92  11:15  Overlord x2  
  92  11:16  Overlord  
  92  11:33  Queen  
  84  12:10  Ultralisk x3  
  84  12:11  Ultralisk x2  
  84  12:13  Pneumatized Carapace  
  108  12:38  Zergling x4  
  108  12:39  Ultralisk  
  108  12:40  Overlord  
  108  12:41  Overlord x4  
  116  12:53  Overseer x2  
  116  12:59  Mutalisk x3, Ultralisk  
  116  13:00  Ultralisk x2  
  116  13:03  Drone x4  
Show
View Real Time Build Order
Export as new Build Order

Terran Protoss - Winner!

Build Orders:  

Get SALT Encoding   

  8  0:02  Probe (Chrono Boost)  
  9  0:14  Probe (Chrono Boost)  
  10  0:19  Probe (Chrono Boost)  
  11  0:28  Probe  
  12  0:42  Pylon, Probe  
  13  1:00  Probe (Chrono Boost), Gateway  
  14  1:06  Assimilator  
  14  1:12  Probe (Chrono Boost)  
  15  1:20  Probe (Chrono Boost)  
  16  1:31  Probe  
  17  1:54  Probe  
  17  1:55  Nexus  
  18  2:06  Probe, Cybernetics Core  
  19  2:21  Gateway  
  19  2:24  Pylon  
  19  2:43  Assimilator, Adept  
  21  2:51  Probe  
  22  3:06  Gateway  
  22  3:10  Adept  
  24  3:15  Probe  
  24  3:16  Probe  
  26  3:23  Warp Gate (Chrono Boost)  
  26  3:28  Probe x2  
  28  3:38  Gateway  
  28  3:40  Probe x2  
  30  3:48  Twilight Council  
  30  3:52  Probe x2  
  32  3:57  Pylon  
  32  4:04  Probe  
  33  4:14  Probe  
  33  4:16  Probe  
  35  4:26  Probe  
  36  4:37  Probe  
  37  4:39  Probe  
  38  4:49  Probe  
  38  4:51  Probe  
  40  5:03  Probe  
  39  5:08  Gateway  
  39  5:09  Gateway, Adept x2, Charge (Chrono Boost)  
  39  5:10  Adept x2  
  39  5:11  Probe  
  48  5:16  Probe  
  49  5:23  Probe  
  49  5:25  Assimilator  
  50  5:31  Assimilator, Robotics Facility  
  50  5:37  Pylon  
  50  5:40  Pylon  
  50  5:50  Pylon  
  50  5:52  Pylon  
  50  5:55  Probe x2  
  52  5:59  Pylon  
  52  6:02  Forge  
  52  6:06  Forge  
  52  6:07  Probe x2, Pylon  
  52  6:10  Zealot x4  
  62  6:19  Probe x2  
  62  6:23  Zealot x2  
  68  6:34  Zealot x4  
  75  6:47  Probe  
  75  6:48  Probe  
  77  6:59  Probe  
  78  7:04  Protoss Ground Armor Level 1 (Chrono Boost)  
  78  7:05  Nexus  
  78  7:08  Pylon  
  78  7:13  Observer  
  55  7:33  Zealot  
  55  7:34  Zealot x5  
  61  7:42  Robotics Bay  
  61  7:44  Pylon  
  61  7:57  Zealot x5  
  61  7:58  Zealot  
  73  8:00  Probe  
  52  8:20  Zealot x5  
  52  8:21  Zealot  
  59  8:31  Protoss Ground Weapons Level 1  
  56  8:43  Zealot x5, Colossus (Chrono Boost)  
  56  8:44  Zealot, Protoss Ground Armor Level 2 (Chrono Boost)  
  56  8:47  Probe x2 (Chrono Boost)  
  56  8:48  Probe (Chrono Boost)  
  71  8:51  Extended Thermal Lance (Chrono Boost)  
  77  8:59  Probe (Chrono Boost)  
  80  9:05  Probe x2 (Chrono Boost)  
  80  9:08  Probe (Chrono Boost)  
  81  9:11  Gateway  
  81  9:12  Probe (Chrono Boost)  
  82  9:20  Probe  
  82  9:24  Probe  
  84  9:31  Robotics Facility, Pylon  
  84  9:35  Stalker x3  
  90  9:47  Probe  
  90  9:49  Probe  
  90  9:51  Probe  
  93  9:54  Stalker x3  
  93  9:58  Observer  
  101  10:00  Probe  
  101  10:04  Probe  
  102  10:10  Gateway x2  
  102  10:11  Pylon  
  102  10:14  Pylon  
  102  10:15  Probe  
  102  10:17  Assimilator  
  102  10:20  Assimilator  
  103  10:23  Stalker  
  103  10:24  Stalker x3  
  103  10:25  Blink (Chrono Boost)  
  111  10:32  Protoss Ground Weapons Level 2 (Chrono Boost)  
  111  10:33  Probe  
  112  10:39  Observer  
  112  10:41  Colossus  
  119  10:43  Probe  
  119  10:46  Stalker  
  122  10:57  Probe  
  124  11:04  Probe  
  124  11:16  Protoss Ground Armor Level 3 (Chrono Boost)  
  124  11:22  Gateway  
  124  11:23  Gateway  
  124  11:29  Stalker x4  
  124  11:30  Stalker x4  
  140  11:43  Zealot  
  116  12:29  Nexus  
  108  12:31  Pylon  
  108  12:32  Pylon  
  108  12:34  Colossus (Chrono Boost)  
  103  12:37  Colossus (Chrono Boost)  
  103  12:42  Zealot x6  
  103  12:43  Zealot x3  
  133  13:02  Robotics Facility  
  133  13:04  Pylon  
  133  13:25  Colossus (Chrono Boost)  
  145  13:44  Stalker x2  
  145  13:45  Stalker x8  
Tags
 
Add a new tag
Caveats
  • Supply blocks, unpowered buildings, or Contaminate may cause inaccurate times.
  • Supply counts are checked every 10 seconds.